 Dungeon Crawl Stone Soup version 0.31-a0-803-g95b03c3367 (webtiles) character file.

Game seed: 3738768663503462278

1159 Armakuni the Cruncher (level 8, -1/58 HPs)
             Began as a Human Wanderer on Sept 21, 2023.
             Was an Initiate of Vehumet.
             Succumbed to a kobold brigand's curare-tipped dart
             ... on level 6 of the Dungeon.
             The game lasted 00:11:37 (6187 turns).

Armakuni the Cruncher (Human Wanderer)              Turns: 6187, Time: 00:11:38

Health: -1/58      AC:  5    Str: 11    XL:     8   Next: 66%
Magic:  9/9        EV: 11    Int: 15    God:    Vehumet [......]
Gold:   189        SH:  0    Dex: 20    Spells: 8/9 levels left

rFire   . . .        a - +0 whip (venom)
rCold   . . .        (no shield)
rNeg    . . .        d - +0 ring mail
rPois   .            (no helmet)
rElec   .            (no cloak)
rCorr   .            (no gloves)
SInv    .            (no boots)
Will    .....        (no amulet)
Stlth   ++           D - +6 ring of dexterity
HPRegen 0.29/turn    (no ring)
MPRegen 0.11/turn

%: no passive effects
@: lethally poisoned (-1 -> -6), slowed, very slow
A: no striking features
a: Renounce Religion


You were on level 6 of the Dungeon.
You worshipped Vehumet.
Vehumet was noncommittal.
You visited 2 branches of the dungeon, and saw 7 of its levels.

You collected 189 gold pieces.

Inventory:

Hand Weapons
 a - a +0 whip of venom (weapon)
 b - a +2 heavy spear
 e - a +0 sling of draining
 g - a +0 flail
 m - a +1 dagger of electrocution
Missiles
 f - 21 poisoned darts (quivered)
Armour
 d - a +0 ring mail (worn)
Jewellery
 D - a +6 ring of dexterity (left hand)
Wands
 n - a wand of paralysis (15)
Scrolls
 c - a scroll of teleportation
 j - a scroll of poison
 k - 2 scrolls of identify
 l - a scroll of butterflies
Potions
 h - 2 potions of magic
 i - 3 potions of might
 X - a potion of mutation


   Skills:
 - Level 3.5 Fighting
 - Level 1.0 Long Blades
 - Level 1.0(5.3) Maces & Flails
 + Level 8.5 Staves
 - Level 2.0 Throwing
 - Level 1.0 Armour
 - Level 2.0 Dodging
 - Level 2.0 Stealth
 - Level 1.0 Spellcasting
 - Level 3.0 Fire Magic


You had 8 spell levels left.
You knew the following spells:

 Your Spells              Type           Power      Damage    Failure   Level
a - Foxfire               Conj/Fire      20%        2x1d5     30%         1

Your spell library contained the following spells:

 Spells                   Type           Power      Damage    Failure   Level
 Scorch                   Fire           18%        2d5       26%         2
 Ignite Poison            Fire/Tmut/Pois 3%         N/A       75%         3
 Gell's Gravitas          Tloc           0%         N/A       86%         3
 Hailstorm                Conj/Ice       0%         3d3       86%         3
 Teleport Other           Tloc           0%         N/A       86%         3
 Summon Ice Beast         Ice/Summ       0%         N/A       99%         4
 Dispersal                Tloc           0%         N/A       100%        6
 Simulacrum               Ice/Necr       0%         N/A       100%        6


Dungeon Overview and Level Annotations

Branches:
Dungeon (6/15)             Temple (1/1) D:6

Altars:
Ashenzari
Cheibriados
Dithmenos
Elyvilon
Fedhas
Gozag
Hepliaklqana
Kikubaaqudgha
Makhleb
Nemelex Xobeh
Okawaru
Qazlal
Ru
Sif Muna
Trog
Uskayaw
Vehumet
Wu Jian
Xom
Yredelemnul
Zin
The Shining One

Shops:
D:2 =   D:5 :


Message History

The curare-tipped dart misses you.
The kobold throws a stone.
The stone hits you but does no damage.
The kobold throws a stone.
The stone hits you but does no damage.
The kobold brigand throws a curare-tipped dart.
The curare-tipped dart hits you.
You are poisoned.
You have difficulty breathing.
You feel yourself slow down.
You feel very sick.
The kobold brigand throws a curare-tipped dart.
The curare-tipped dart hits you.
You are more poisoned.
You have difficulty breathing.
You feel as though you will be slow longer.
The kobold throws a stone.
The stone hits you but does no damage.
You feel extremely sick.
The kobold brigand throws a curare-tipped dart.
The curare-tipped dart hits you.
You are more poisoned.
You have difficulty breathing.
You feel as though you will be slow longer.
Okay, then.
As you read the scroll of teleportation, it crumbles to dust.
You feel strangely unstable.
* * * LOW HITPOINT WARNING * * *
You feel extremely sick. The kobold hits you with a +0 club.
* * * LOW HITPOINT WARNING * * *
Your surroundings suddenly seem different.
* * * LOW HITPOINT WARNING * * *
You feel extremely sick.
Okay, then.
There is a lethal amount of poison in your body!
There is a lethal amount of poison in your body!
* * * LOW HITPOINT WARNING * * *
You feel very sick.
* * * LOW HITPOINT WARNING * * *
You feel very sick.
* * * LOW HITPOINT WARNING * * *
You feel sick.
You die...

#..###...######.#####..)....
#..# ######...#.# #.......
#..# #.#.#.# #....... #..#
#.#.#.# #....... #..#
#.#.#.# #....... #..#
#.#.#.# ######'# #..#
#.#.#.# #.# #..# #.#.#.# #.#
#..# #@#.#.# #.# #..#
#.#<#.# #.#
#.(########.###.# #..
#.............#.############
#...........#.#.............
#############.##############
#.# #.# #.#


There were no monsters in sight!

Vanquished Creatures
  A black bear (D:5)
  2 ogres (D:5)
  A bullfrog (D:6)
  2 scorpions
  A howler monkey (D:4)
  3 hounds
  A jelly (D:5)
  A gnoll bouda (D:5)
  3 orc priests
  2 sleepcaps
  4 orc wizards
  4 iguanas
  2 adders (D:2)
  8 gnolls (D:5)
  2 worms (D:2)
  10 orcs
  5 bats
  6 endoplasms
  4 giant cockroaches
  6 hobgoblins
  3 jackals (D:2)
  2 quokkas
  4 ball pythons
  5 frilled lizards
  6 goblins
  17 kobolds
  A rat (D:3)
106 creatures vanquished.

Notes
Turn   | Place    | Note
-------+----------+-------------------------------------------
     0 | D:1      | Armakuni the Human Wanderer began the quest for the Orb.
     0 | D:1      | Armakuni set off with the following items: a +0 falchion,
                  | 15 poisoned darts, a +0 dagger, a potion of curing, a +0
                  | robe; and the following spell memorised: Foxfire; and the
                  | following spells available to memorise: Scorch, Ignite
                  | Poison.
     0 | D:1      | Reached XP level 1. HP: 13/13 MP: 2/2
    94 | D:1      | Reached skill level 1 in Fighting
   167 | D:1      | Reached XP level 2. HP: 21/21 MP: 3/3
   444 | D:1      | Found a faded altar of an unknown god.
  1007 | D:2      | Reached skill level 1 in Dodging
  1007 | D:2      | Reached XP level 3. HP: 22/27 MP: 4/4
  1057 | D:2      | Found Edusient's Jewellery Boutique.
  1226 | D:2      | Reached XP level 4. HP: 34/34 MP: 5/5
  1801 | D:3      | Reached XP level 5. HP: 41/41 MP: 6/6
  1963 | D:3      | Reached skill level 1 in Maces & Flails
  1963 | D:3      | Reached skill level 1 in Staves
  2020 | D:3      | Reached skill level 2 in Staves
  2144 | D:4      | Reached XP level 6. HP: 26/47 MP: 7/7
  2288 | D:4      | Reached skill level 3 in Staves
  2604 | D:4      | Found an iron altar of Okawaru.
  2903 | D:5      | Entered Level 5 of the Dungeon
  3124 | D:5      | Reached skill level 4 in Staves
  3181 | D:5      | Reached XP level 7. HP: 25/52 MP: 8/8
  3600 | D:5      | Reached skill level 5 in Staves
  3710 | D:5      | Reached skill level 6 in Staves
  3880 | D:5      | Found Contukucy's Book Shop.
  4381 | D:5      | Reached XP level 8. HP: 43/58 MP: 9/9
  4531 | D:5      | Reached skill level 7 in Staves
  5511 | D:6      | Found a staircase to the Ecumenical Temple.
  5518 | Temple   | Entered the Ecumenical Temple
  5525 | Temple   | Became a worshipper of Vehumet
  5645 | D:6      | Reached skill level 8 in Staves
  6185 | D:6      | HP: 2/58 [poisoned by a kobold brigand (curare-tipped
                  | dart)]
  6187 | D:6      | Succumbed to a kobold brigand's curare-tipped dart

Illustrated notes

Levels and vault maps discovered:
D:1:      beargit_arrival_diablo_church, layout_loops_ring,
          ebering_ecumenical_altar_petrified
D:2:      layout_rooms, serial_shops, nicolae_shop_gaudy_bauble,
          minmay_worlds_worst_comb
D:3:      layout_basic
D:4:      layout_cave_pools, kennysheep_little_box
D:5:      layout_loops_corners, serial_glass, glass_columns_c, glass_columns_b,
          serial_shops, nicolae_square_shop, minmay_misc_feat_enclosed,
          minmay_misc_feat_room, dreamdust_princess_corridor
D:6:      kennysheep_kobold_camp, layout_basic, minmay_temple_entry_slanted,
          minivault_19
Temple:   nicolae_temple_bog_church

Skill      XL: |  1  2  3  4  5  6  7  8 |
---------------+-------------------------+-----
Fighting       | 1 2 3 |  3.5
Dodging        | 1 2 |  2.0
Maces & Flails | 1 |  1.0
Staves         | 2 4 6 8 |  8.5
Long Blades    | |  1.0
Throwing       | |  2.0
Armour         | |  1.0
Stealth        | |  2.0
Spellcasting   | |  1.0
Fire Magic     | |  3.0

Action                     |  1- 3 |  4- 6 |  7- 9 || total
---------------------------+-------+-------+-------++-------
  Melee: Falchion          |     4 |       |       ||     4
         Dagger            |   115 |    91 |       ||   206
         Punch             |     1 |       |     2 ||     3
         Whip              |       |    18 |   187 ||   205
         Flail             |       |     1 |       ||     1
         Spear             |       |       |     9 ||     9
  Throw: Dart              |       |    12 |    47 ||    59
  Evoke: Wand              |       |     2 |     3 ||     5
    Use: Scroll            |     6 |     4 |     4 ||    14
         Potion            |     1 |     2 |     2 ||     5
   Stab: Sleeping          |     4 |     3 |     1 ||     8
         Paralysed         |       |     7 |       ||     7
 Armour: Robe              |    51 |    61 |     8 ||   120
         Ring mail         |       |       |   131 ||   131
  Dodge: Dodged            |    62 |    65 |    92 ||   219

Table legend: (Time is in decaauts)
 A = Elapsed time spent in this place.
 B = Non-inter-level travel time spent in this place.
 C = Inter-level travel time spent in this place.
 D = Time resting spent in this place.
 E = Time spent auto-exploring this place.
 F = Levels seen in this place.
 G = Mean time per level.
                   A        B        C        D        E       F      G
               +--------+--------+--------+--------+--------+-----+--------+
         Total |   6182 |   6045 |    137 |   1542 |   3111 |   7 |  883.1 |
       Dungeon |   6167 |   6036 |    131 |   1542 |   3111 |   6 | 1027.8 |
        Temple |     14 |      8 |      6 |      0 |      0 |   1 |   14.0 |
               +--------+--------+--------+--------+--------+-----+--------+

Top non-repeatable levels by time:
     D:5: 2289 daAuts
     D:1: 912 daAuts
     D:4: 768 daAuts
     D:3: 754 daAuts
     D:2: 730 daAuts
     D:6: 714 daAuts
  Temple: 14 daAuts
